 Dungeon Crawl Stone Soup version 0.23.2-1-ga50397a6bc (webtiles) character file.

Game seed: 9345052998730814072

988 GreaterElenko the Poker (level 7, -2/54 HPs)
             Began as a Vampire Skald on Apr 16, 2019.
             Was an Initiate of Okawaru.
             Slain by a wyvern (18 damage)
             ... on level 4 of the Dungeon.
             The game lasted 00:09:20 (4649 turns).

GreaterElenko the Poker (Vampire Skald)             Turns: 4649, Time: 00:09:21

Health: -2/54      AC:  3    Str: 10    XL:     7   Next: 97%
Magic:  8/10       EV: 12    Int: 18    God:    Okawaru [......]
Gold:   273        SH:  0    Dex: 13    Spells: 2/11 levels left

rFire    . . .     SeeInvis +   a - +0 spear
rCold    . . .     Gourm    .   (no shield)
rNeg     . . .     Faith    .   b - +0 leather armour
rPois    .         Spirit   .   (helmet restricted)
rElec    .         Reflect  .   (no cloak)
rCorr    .         Harm     .   (no gloves)
MR       .....                  (no boots)
Stlth    +.........             (no amulet)
HPRegen  0.38/turn              k - ring of flight
MPRegen  0.12/turn              (no ring)

@: lethally poisoned (-2 -> -3), regenerating quickly
A: antennae 1, fangs 3, hooves 1, see invisible, unbreathing
a: Renounce Religion, Evoke Flight


You were on level 4 of the Dungeon.
You worshipped Okawaru.
Okawaru was noncommittal.
You were very full.

You visited 1 branch of the dungeon, and saw 4 of its levels.

You collected 273 gold pieces.

Inventory:

Hand Weapons
 a - a +0 spear (weapon)
Armour
 b - a +0 leather armour (worn)
 s - a +0 buckler
   (You found it on level 4 of the Dungeon)
Jewellery
 k - a ring of flight (left hand)
   (You found it on level 1 of the Dungeon)
Wands
 g - a wand of polymorph (9)
   (You took it off Grinder on level 3 of the Dungeon)
 v - a wand of digging (5)
   (You found it on level 3 of the Dungeon)
Scrolls
 d - a scroll of enchant armour {unknown}
 f - 5 scrolls of remove curse {unknown}
 h - a scroll of random uselessness {unknown}
 i - a scroll of noise {unknown}
 j - 6 scrolls of identify {unknown}
 l - 3 scrolls of fear {unknown}
 m - 2 scrolls of blinking {unknown}
 o - 2 scrolls of teleportation {unknown}
 t - 2 scrolls of immolation {unknown}
Potions
 c - a potion of mutation {!q}
 e - 3 potions of cancellation {unknown}
 n - a potion of invisibility {unknown}
 p - a potion of curing {unknown}
 q - 19 potions of blood {@q0}
 r - 2 potions of magic


   Skills:
 + Level 4.0 Fighting
 * Level 5.4 Polearms
 - Level 0.7 Armour
 - Level 2.1 Dodging
 + Level 0.4 Shields
 + Level 2.6 Spellcasting
 + Level 5.0 Hexes
 - Level 5.0 Charms
 + Level 2.0 Necromancy


You had 2 spell levels left.
You knew the following spells:

 Your Spells              Type           Power        Failure   Level  Hunger
a - Infusion              Chrm           ###.         3%          1    #......
e - Regeneration          Chrm/Necr      ###.......   16%         3    ###....
q - Shroud of Golubria    Chrm/Tloc      ##........   12%         2    ##.....
t - Spectral Weapon       Hex/Chrm       ###.....     9%          3    ###....

Your spell library contained the following spells:

 Spells                   Type           Power        Failure   Level  Hunger
 Song of Slaying          Chrm           ###.....     4%          2    ##.....


Dungeon Overview and Level Annotations

Branches:
Dungeon (4/15)
 Temple: D:4-7

Altars:
Ashenzari
Cheibriados
Dithmenos
Kikubaaqudgha
Nemelex Xobeh
Okawaru
Qazlal
Ru
Uskayaw
The Shining One

Annotations:
D:3 3 runed translucent doors, Freyura's ghost, amateur GrFi


Innate Abilities, Weirdness & Mutations

Your natural rate of healing is unusually fast.
You have razor-sharp teeth.
You have supernaturally acute eyesight. (SInv)
You can survive without breathing.
You have a pair of small antennae on your head.
You have large cloven feet.


Message History

The adder misses you. The orc barely misses you.
You draw out your weapon's spirit!
The adder closely misses you. The orc hits you with a +0 hand axe.
The adder bites you.
You hit the adder. Your bite misses the adder.
Your spectral weapon closely misses the adder.
The adder bites you. The orc hits you with a +0 hand axe.
You miss the adder.
Your spectral weapon hits the adder from afar!
The adder barely misses you.
You closely miss the adder.
Your spectral weapon closely misses the adder.
The orc hits you but does no damage. The adder misses you.
You hit the adder but do no damage. Your bite misses the adder.
Your spectral weapon closely misses the adder.
The orc barely misses you. The adder bites you.
You closely miss the adder. Your kick misses the adder.
Your spectral weapon misses the adder.
The adder closely misses you. The orc barely misses you.
You closely miss the adder.
Your spectral weapon hits the adder from afar.
You kill the adder!
Okawaru accepts your kill.
You hit the adder but do no damage.
Your spectral weapon hits the adder from afar.
The adder bites you. The orc hits you with a +0 hand axe.
You hit the adder but do no damage. You kick the adder.
Your spectral weapon closely misses the adder.
The adder bites you.
You are poisoned.
The adder poisons you! The orc hits you with a +0 hand axe!
The orc barely misses you.
You hit the adder. Your kick misses the adder.
You feel sick.
Your spectral weapon hits the adder from afar!
You kill the adder!
Okawaru accepts your kill.
Your Necromancy skill increases to level 2!
The orc closely misses you.
The orc hits you from afar with a +0 trident!
* * * LOW HITPOINT WARNING * * *
Unknown command.
The wyvern hisses menacingly.
The wyvern bites you.
* * * LOW HITPOINT WARNING * * *
There is an open door, spattered with blood here.
Unknown command.
You closely miss the wyvern. Your kick misses the wyvern.
Your spectral weapon closely misses the wyvern.
The wyvern bites you!!
You die...

#..........'....#..
#..........#....#..
#..........#....#..
#...............#..
#.......#####......
#....##'# #'##...
#..###..#{ {#).###.
#.##.#..# #..#.##
#(@..#..# {#..#.รท'
#l##.#..# {#..#.##
#oo###!.# #..###.
#o...#### ####...
#.o.....##'##......
#+###..................
#.......................
#.......................
#.......................


You could see a wyvern, 2 orcs and a friendly spectral +0 spear.

Vanquished Creatures
  Grinder (D:3)
  Sigmund (D:2)
  A sky beast (D:3)
  A centaur (D:3)
  A howler monkey (D:4)
  A hound (D:4)
  An orc wizard (D:4)
  3 worker ants (D:4)
  A hound skeleton (D:4)
  15 adders
  4 oozes
  An adder skeleton (D:4)
  5 worms
  4 leopard geckos
  9 orcs
  8 bats
  5 giant cockroaches
  8 goblins
  11 hobgoblins
  11 jackals
  9 kobolds
  5 quokkas
  A ball python (D:4)
  7 frilled lizards
  8 rats
122 creatures vanquished.

Notes
Turn   | Place    | Note
-------+----------+-------------------------------------------
     0 | D:1      | GreaterElenko the Vampire Skald began the quest for the
                  | Orb.
     0 | D:1      | Reached XP level 1. HP: 16/16 MP: 3/3
   122 | D:1      | Reached XP level 2. HP: 22/22 MP: 0/5
   422 | D:1      | Reached XP level 3. HP: 22/27 MP: 6/6
   426 | D:1      | Learned a level 2 spell: Shroud of Golubria
   430 | D:1      | Learned a level 3 spell: Spectral Weapon
   706 | D:2      | Found a hide-covered altar of Uskayaw.
   706 | D:2      | Noticed a +0 dagger
   706 | D:2      | Noticed a +0 dagger
   746 | D:2      | Reached skill level 1 in Hexes
   926 | D:2      | Reached XP level 4. HP: 34/34 MP: 0/7
  1097 | D:2      | Noticed Sigmund
  1122 | D:2      | Gained mutation: You have a pair of small antennae on your
                  | head. [potion of mutation]
  1122 | D:2      | Gained mutation: You have large cloven feet. [potion of
                  | mutation]
  1524 | D:2      | Found a sparkling altar of Nemelex Xobeh.
  1732 | D:3      | Noticed Freyura's ghost (amateur GrFi)
  1736 | D:3      | Found a runed translucent gate.
  1736 | D:3      | Found a runed translucent gate.
  1736 | D:3      | Found a runed translucent gate.
  1915 | D:3      | Reached XP level 5. HP: 29/39 MP: 4/8
  2203 | D:3      | Noticed a sky beast
  2235 | D:2      | Killed Sigmund
  2235 | D:2      | Reached XP level 6. HP: 22/47 MP: 7/9
  2812 | D:3      | Noticed Grinder
  2823 | D:3      | Killed Grinder
  2823 | D:3      | Reached skill level 5 in Charms
  2823 | D:3      | Reached XP level 7. HP: 38/52 MP: 3/10
  2833 | D:3      | Learned a level 3 spell: Regeneration
  3419 | D:3      | Reached skill level 1 in Necromancy
  3723 | D:3      | Reached skill level 5 in Polearms
  3964 | D:4      | Found Vugifie's Weapon Boutique.
  4518 | D:4      | Found a shadowy altar of Dithmenos.
  4519 | D:4      | Found a snail-covered altar of Cheibriados.
  4519 | D:4      | Found an iron altar of Okawaru.
  4521 | D:4      | Found an ancient bone altar of Kikubaaqudgha.
  4521 | D:4      | Found a sacrificial altar of Ru.
  4523 | D:4      | Found a stormy altar of Qazlal.
  4523 | D:4      | Found a shattered altar of Ashenzari.
  4524 | D:4      | Found a glowing golden altar of the Shining One.
  4527 | D:4      | Became a worshipper of Warmaster Okawaru
  4619 | D:4      | Reached skill level 5 in Hexes
  4632 | D:4      | Noticed a wyvern
  4649 | D:4      | Slain by a wyvern

Skill      XL: |  1  2  3  4  5  6  7 |
---------------+----------------------+-----
Polearms       | 2 3 4 5 |  5.4
Fighting       | 2 3 4 |  4.0
Hexes          | 1 2 3 4 5 |  5.0
Charms         | 4 5 |  5.0
Necromancy     | 2 |  2.0
Armour         | |  0.7
Dodging        | |  2.1
Shields        | |  0.4
Spellcasting   | |  2.6

Action                   |  1- 3 |  4- 6 |  7- 9 || total
-------------------------+-------+-------+-------++-------
Melee: Spear             |   108 |   208 |   186 ||   502
       Bite              |     9 |    17 |    15 ||    41
       Kick              |       |    36 |    25 ||    61
 Cast: Infusion          |     5 |     4 |       ||     9
       Spectral Weapon   |     3 |     7 |    13 ||    23
  Use: Potion            |     9 |    16 |     9 ||    34
 Stab: Distracted        |       |       |     1 ||     1
Armor: Leather armour    |    16 |    28 |    24 ||    68
Dodge: Dodged            |    46 |    98 |    85 ||   229
